 Dungeon Crawl Stone Soup version 0.30-a0-341-g682706514a (webtiles) character file.

Game seed: 3051561030131537154

17915 twist the Martial Artist (level 12, 0/98 HPs)
             Began as an Octopode Transmuter on Nov 5, 2022.
             Was an Initiate of Gozag.
             Succumbed to miscasting Eringya's Noxious Bog's poison
             ... on level 3 of the Lair of Beasts.
             The game lasted 00:24:37 (14397 turns).

twist the Martial Artist (Octopode Transmuter)     Turns: 14397, Time: 00:24:38

Health: 0/98       AC: 13    Str:  9    XL:     12   Next: 53%
Magic:  5/26       EV: 14    Int: 20    God:    Gozag
Gold:   2006       SH:  0    Dex: 19    Spells: 2/18 levels left

rFire   x . .      SeeInvis +      - Unarmed
rCold   + + +      Faith    .    (shield currently unavailable)
rNeg    . . .      Spirit   .    (helmet currently unavailable)
rPois   +          Reflect  .    (no amulet)
rElec   .          Harm     .    l - ring of magical power
rCorr   +          Rampage  .    t - +4 ring of protection
Will    .....                    x - ring of see invisible
Stlth   ++........               q - ring of Departure {rCorr Dex+6 Stlth+}
HPRegen 0.36/turn                F - ring of wizardry
MPRegen 0.20/turn                y - ring "Dile" {rPois rC+++ rCorr Stlth-}
                                 (no ring)
                                 (no ring)

@: lethally poisoned (0 -> 0), ice-form, gold aura, spewing sludge, very
slightly contaminated
A: freezing attack, boosted hp, almost no armour, amphibious, 8 rings, large,
(camouflage 1), (gelatinous body 1), (nimble swimmer 1), (tentacles)
a: End Transformation, Renounce Religion, Potion Petition, Call Merchant, Bribe
Branch


You were on level 3 of the Lair of Beasts.
You worshipped Gozag.
Gozag was most pleased with you.
You were a creature of crystalline ice.
You visited 3 branches of the dungeon, and saw 13 of its levels.
You also visited: Ice Cave.

You collected 2142 gold pieces.
You paid 136 gold pieces to Gozag.

Inventory:

Hand Weapons
 d - a +0 short sword
 M - a +2 war axe of freezing
Missiles
 o - 19 poisoned darts
 H - 2 curare-tipped darts
Jewellery
 l - a ring of magical power (left front paw)
 q - the ring of Departure (on tentacle) {rCorr Dex+6 Stlth+}
   (You found it on level 6 of the Dungeon)

   [ring of resist corrosion]

   Dex:       It affects your dexterity (+6).
   rCorr:     It protects you from acid and corrosion.
   Stlth:     It makes you more stealthy.
 t - a +4 ring of protection (right front paw)
 u - a ring of ice
 x - a ring of see invisible (on tentacle)
 y - the ring "Dile" (on tentacle) {rPois rC+++ rCorr Stlth-}
   (You acquired it on level 8 of the Dungeon)

   [ring of poison resistance]

   rC:        It renders you almost immune to cold.
   rPois:     It protects you from poison.
   rCorr:     It protects you from acid and corrosion.
   Stlth:     It makes you less stealthy.
 F - a ring of wizardry (on tentacle)
 K - the ring "Fepyhac" {Ice rElec Will+ Stlth-}
   (You found it in an ice cave)

   [ring of ice]

   It enhances your ice magic.
   rF:        It makes you vulnerable to fire.
   rC:        It protects you from cold.
   rElec:     It insulates you from electricity.
   Will:      It increases your willpower.
   Stlth:     It makes you less stealthy.
Wands
 h - a wand of mindburst (17)
 m - a wand of roots (7)
 p - a wand of flame (37)
 A - a wand of paralysis (10)
 J - a wand of polymorph (3)
Scrolls
 a - 3 scrolls of blinking
 b - 4 scrolls of teleportation
 e - 4 scrolls of identify
 j - a scroll of enchant weapon
 s - 2 scrolls of amnesia
 D - 3 scrolls of enchant armour
 G - a scroll of poison
 I - a scroll of magic mapping
Potions
 c - 6 potions of curing
 f - 5 potions of mutation
 g - a potion of haste
 i - 5 potions of might
 k - 3 potions of ambrosia
 n - 2 potions of degeneration
 r - 3 potions of attraction
 v - 3 potions of flight
 w - a potion of cancellation
 z - 2 potions of heal wounds
 B - 2 potions of magic
 C - a potion of brilliance
 E - 2 potions of invisibility


   Skills:
 - Level 8.0 Fighting
 - Level 8.0 Dodging
 - Level 10.0 Unarmed Combat
 - Level 3.5 Spellcasting
 - Level 8.8 Transmutations
 - Level 8.8 Ice Magic
 + Level 8.0 Poison Magic


You had 2 spell levels left.
You knew the following spells:

 Your Spells              Type           Power      Damage    Failure   Level
a - Beastly Appendage     Tmut           78%        N/A       1%          1
b - Ice Form              Ice/Tmut       39%        N/A       1%          4
c - Wereblood             Tmut           39%        N/A       1%          2
d - Eringya's Noxious Bo  Tmut/Pois      18%        N/A       26%         6
e - Ignite Poison         Fire/Tmut/Pois 26%        N/A       1%          3

Your spell library contained the following spells:

 Spells                   Type           Power      Damage    Failure   Level
 Passwall                 Tmut/Erth      17%        N/A       1%          2
 Cigotuvi's Dreadful Rot  Necr/Pois/Air  28%        N/A       2%          2
 Sandblast                Erth           6%         2d5       6%          1
 Spider Form              Tmut/Pois      37%        N/A       1%          3
 Alistair's Intoxication  Tmut/Pois      24%        N/A       4%          5
 Dazzling Flash           Conj/Hex       6%         N/A       16%         3
 Kindle Blastsparks       Fire/Tloc/Air  6%         2d10      16%         3
 Stone Arrow              Conj/Erth      6%         3d7       16%         3
 Freezing Cloud           Conj/Ice/Air   7%         6-21      38%         5
 Dispel Undead            Necr           3%         3d7       45%         4
 Iskenderun's Mystic Bla  Conj/Tloc      3%         2d3       45%         4
 Borgnjor's Vile Clutch   Necr/Erth      1%         N/A       80%         5
 Death Channel            Necr           1%         N/A       100%        6
 Starburst                Conj/Fire      1%         6d3       100%        6


Dungeon Overview and Level Annotations

Branches:
Dungeon (9/15)             Temple (1/1) D:6            Lair (3/5) D:8
 Spider (0/4) Lair:3          Orc (0/2) D:9           IceCv (visited)
  Swamp: Lair:2-3    Shoals: Lair:2-3

Altars:
Ashenzari
Cheibriados
Dithmenos
Elyvilon
Gozag
Hepliaklqana
Kikubaaqudgha
Makhleb
Nemelex Xobeh
Okawaru
Ru
Sif Muna
Trog
Uskayaw
Vehumet
Wu Jian
Xom
Yredelemnul
Zin
The Shining One

Shops:
D:6 (!:=   D:8 (

Annotations:
D:2 1 runed translucent door, Crazy Yiuf


Innate Abilities, Weirdness & Mutations

You are a creature of crystalline ice.
You have a powerful freezing melee attack.
Your maximum health is increased.
Your armour is entirely melded.
You are incapable of wielding weapons or throwing items.
You cannot wear most types of armour.
You are amphibious.
You can wear up to eight rings at the same time.
((Your skin changes colour to match your surroundings (Stealth+).))
((Your rubbery body absorbs attacks. (AC +1, EV +1)))
((You are camouflaged when in or above water. (Stealth+)))
((You have tentacles for arms and can constrict up to eight enemies at once.))


Message History

Space warps around you.
* * * LOW HITPOINT WARNING * * *
Sonja hits you but does no damage.
You blink.
Floosh!
Found a long sword.
The electric eel shoots out a bolt of lightning at you!
The bolt of electricity misses you. The bolt of electricity hits you!
* * * LOW HITPOINT WARNING * * *
The bolt of electricity misses the electric eel.
Unknown command.
Huge Dmg: -62%(-51hp) hp: 24%(19hp) Unknown command.
Unknown command.
Casting: Eringya's Noxious Bog (quite dangerous; 28% risk of failure)
Confirm with . or Enter, or press ? or * to list all spells.
Okay, then.
You feel much better.
You feel sick.
Sonja festers in the toxic bog!
Sonja looks as sick as possible!
Sonja mumbles some strange words.
Sonja blinks!
Unknown command.
Unknown command.
Casting: Eringya's Noxious Bog (quite dangerous; 28% risk of failure)
Confirm with . or Enter, or press ? or * to list all spells.
You ignite the poison in your surroundings!
Sonja seems to burn from within!!!
You kill Sonja!
You are engulfed in blazing flames.
* * * LOW HITPOINT WARNING * * *
You feel sick.
Your Poison Magic skill increases to level 8!
Huge Dmg: -26%(-22hp) hp: 35%(28hp) Unknown command.
Casting: Ignite Poison (safe; 1% risk of failure)
Confirm with . or Enter, or press ? or * to list all spells.
You turn into a creature of crystalline ice.
You are engulfed in blazing flames.
* * * LOW HITPOINT WARNING * * *
You die...
Your body crumbles into a pile of gold.

.....##.....#
.....##.....#
.....###...## #P..##
#.†#.##+# ....##
####....# ^.##.# ##.~°.#
## # ..####
###.~○P.##.#.# .##
#..~°~°°..$.#### .##
.##....§○§○~Y§..~.#
..#..##..~~~§§°S○~.~≈.~#
..+..##P.°○~~~°≈≈~~≈≈~..
...# ..<.§°~~≈≈≈≈≈≈≈≈~~.
..## .##.....~≈≈≈≈≈≈≈~~.
.## #P##.#≈≈≈≈≈≈≈≈≈..
.## ## ###.~~≈≈≈≈~≈).
#≈###### #...~~~≈...#
≈#≈....#


You could see an electric eel.

Vanquished Creatures
  2 azure jellies (IceCv)
  A quicksilver ooze (IceCv)
  A boulder beetle (Lair:3)
  A death yak (Lair:3)
  Sonja (Lair:3)
  A cyclops (D:9)
  2 ice statues (IceCv)
  A torpor snail (Lair:3)
  2 rime drakes (Lair:3)
  3 cane toads
  3 komodo dragons
  A troll (D:9)
  2 hornets
  5 slime creatures (IceCv)
  3 culicivoras (Lair:3)
  Sigmund (D:4)
  A vampire (D:8)
  5 yaks
  2 wyverns (D:9)
  A basilisk (Lair:1)
  Grum (D:8)
  Menkaure (D:6)
  5 water moccasins
  4 orc warriors
  6 black bears
  2 great orb of eyes simulacra (IceCv)
  3 sky beasts (D:7)
  6 ogres
  6 wolves
  5 centaurs
  4 phantoms
  3 kobold brigands
  6 slime creature simulacra (IceCv)
  6 bullfrogs
  A necrophage (D:7)
  7 scorpions
  2 gnoll sergeants (D:6)
  4 glowing shapeshifter simulacra (IceCv)
  5 killer bees (D:8)
  4 howler monkeys
  A jelly (D:6)
  5 hounds
  4 orc priests
  A gnoll bouda (D:7)
  2 iguanas
  6 orc wizards
  5 shapeshifter simulacra (IceCv)
  14 gnolls
  7 adders
  2 shadow imps
  2 white imps
  2 ufetubi
  2 worms (D:4)
  A dart slug (D:1)
  30 orcs
  5 bats
  6 endoplasms
  3 giant cockroaches
  9 goblins
  12 hobgoblins
  A quokka (D:4)
  5 ball pythons
  4 frilled lizards
  17 kobolds
  7 rats
273 creatures vanquished.

Vanquished Creatures (others)
  52 fungi
  68 plants
120 creatures vanquished.

Grand Total: 393 creatures vanquished

Notes
Turn   | Place    | Note
-------+----------+-------------------------------------------
     0 | D:1      | twist the Octopode Transmuter began the quest for the Orb.
     0 | D:1      | Reached XP level 1. HP: 13/13 MP: 3/3
    57 | D:1      | Huge Dmg: 3 dmg
    58 | D:1      | Huge Dmg: 2 dmg
    62 | D:1      | Huge Dmg: 2 dmg
   165 | D:1      | Reached XP level 2. HP: 18/18 MP: 3/5
   339 | D:1      | Huge Dmg: 4 dmg
   340 | D:1      | Huge Dmg: 3 dmg
   592 | D:2      | Noticed an ogre
   596 | D:2      | Reached XP level 3. HP: 21/23 MP: 7/7
   650 | D:2      | Huge Dmg: 15 dmg
   653 | D:2      | Killed an ogre
   654 | D:2      | Reached XP level 4. HP: 17/28 MP: 9/9
   755 | D:2      | Found a faded altar of an unknown god.
   865 | D:2      | Reached XP level 5. HP: 24/33 MP: 10/10
   870 | D:2      | Learned a level 4 spell: Ice Form
  1075 | D:2      | Identified the +4 chain mail of Masochism {Int+6}
  1333 | D:2      | Huge Dmg: 7 dmg
  1334 | D:2      | Reached skill level 1 in Ice Magic
  1425 | D:2      | Huge Dmg: 6 dmg
  1512 | D:2      | Found a runed translucent door.
  1513 | D:2      | Noticed Crazy Yiuf
  1762 | D:3      | Huge Dmg: 4 dmg
  2323 | D:4      | Noticed Sigmund
  2333 | D:3      | Huge Dmg: 9 dmg
  2458 | D:4      | Noticed a black bear
  2470 | D:4      | Huge Dmg: 13 dmg
  2483 | D:4      | Huge Dmg: 11 dmg
  2619 | D:4      | Found a basalt altar of Yredelemnul.
  2641 | D:4      | Noticed a phantom
  2660 | D:4      | Killed a phantom
  2661 | D:4      | Reached XP level 6. HP: 34/38 MP: 11/11
  2741 | D:4      | Reached XP level 7. HP: 42/43 MP: 12/12
  2948 | D:4      | Reached skill level 5 in Transmutations
  2948 | D:4      | Reached skill level 5 in Ice Magic
  3303 | D:4      | Killed Sigmund
  3524 | D:4      | Reached XP level 8. HP: 48/48 MP: 13/13
  3912 | D:5      | Entered Level 5 of the Dungeon
  4686 | D:6      | Found Xosef's Antique Weapon Shop.
  4687 | D:6      | Huge Dmg: 16 dmg
  4769 | D:6      | Found Axyluxau's Distillery.
  4811 | D:6      | Identified the ring of Departure {rCorr Dex+6 Stlth+}
  4941 | D:6      | Found a staircase to the Ecumenical Temple.
  5006 | Temple   | Entered the Ecumenical Temple
  5065 | Temple   | Became a worshipper of Gozag Ym Sagoz the Greedy
  5627 | D:6      | Noticed Menkaure
  5644 | D:6      | Huge Dmg: 12 dmg
  5648 | D:6      | Reached XP level 9. HP: 50/53 MP: 14/14
  5920 | D:6      | Found Hoiffou's Jewellery Emporium.
  6116 | D:6      | Learned a level 2 spell: Wereblood
  6152 | D:6      | Huge Dmg: 9 dmg
  6262 | D:6      | Huge Dmg: 25 dmg
  6452 | D:6      | Huge Dmg: 12 dmg
  6454 | D:6      | Huge Dmg: 8 dmg
  6455 | D:6      | Huge Dmg: 9 dmg
  6456 | D:6      | Huge Dmg: 4 dmg
  6972 | D:6      | Huge Dmg: 16 dmg
  6975 | D:6      | Huge Dmg: 14 dmg
  6980 | D:6      | Found Ichoig's Book Shop.
  7047 | D:6      | Huge Dmg: 30 dmg
  7053 | D:6      | Killed Menkaure
  7524 | D:7      | Reached skill level 4 in Unarmed Combat
  7671 | D:7      | Reached XP level 10. HP: 61/61 MP: 15/15
  7783 | D:7      | Learned a level 6 spell: Eringya's Noxious Bog
  7787 | D:7      | Learned a level 3 spell: Ignite Poison
  7843 | D:7      | Reached skill level 5 in Unarmed Combat
  7953 | D:7      | Found a sparkling altar of Nemelex Xobeh.
  8204 | D:8      | Found a staircase to the Lair.
  8231 | D:8      | Huge Dmg: 9 dmg
  8235 | D:8      | Huge Dmg: 10 dmg
  8429 | D:8      | Huge Dmg: 13 dmg
  8452 | D:8      | Reached skill level 6 in Unarmed Combat
  8814 | D:8      | Found a hazy altar of Hepliaklqana.
  8816 | D:8      | Found a shimmering altar of Xom.
  8817 | D:8      | Noticed a spectral ugly thing
  8936 | D:8      | Found Foqam's Weapon Boutique.
  9048 | D:8      | Noticed Grum
  9060 | D:8      | Killed Grum
  9692 | D:8      | Reached skill level 7 in Unarmed Combat
  9778 | D:8      | Identified a scroll of acquirement
  9778 | D:8      | Acquired the ring "Dile" {rPois rC+++ rCorr Stlth-}
  9862 | D:9      | Reached skill level 5 in Dodging
 10023 | D:9      | Reached skill level 5 in Fighting
 10279 | D:9      | Found a staircase to the Orcish Mines.
 10279 | D:9      | Noticed a cyclops
 10290 | D:9      | Huge Dmg: 15 dmg
 10294 | D:9      | Reached XP level 11. HP: 58/71 MP: 16/16
 10302 | D:9      | Huge Dmg: 15 dmg
 10307 | D:9      | Killed a cyclops
 10308 | D:9      | Reached skill level 8 in Unarmed Combat
 10584 | D:9      | Found a sacrificial altar of Ru.
 10586 | D:9      | Found a white marble altar of Elyvilon.
 10593 | D:9      | Found a burning altar of Makhleb.
 10594 | D:9      | Found a radiant altar of Vehumet.
 10803 | D:9      | Huge Dmg: 19 dmg
 11117 | Lair:1   | Entered Level 1 of the Lair of Beasts
 11277 | Lair:1   | Huge Dmg: 18 dmg
 11285 | Lair:1   | Reached skill level 9 in Unarmed Combat
 11538 | Lair:1   | Identified the +1 leather armour of Mental Paralysis {rElec
                  | Str+4 Slay+3}
 11737 | Lair:1   | Identified the +5 chain mail of Cowardice {Will+}
 12007 | Lair:2   | Huge Dmg: 17 dmg
 12178 | Lair:2   | Huge Dmg: 31 dmg
 12290 | Lair:3   | Found a frozen archway.
 12295 | Lair:3   | Huge Dmg: 18 dmg
 12380 | IceCv    | Entered an ice cave
 12858 | IceCv    | Reached skill level 10 in Unarmed Combat
 12996 | IceCv    | Noticed a quicksilver ooze
 13085 | IceCv    | Huge Dmg: 37 dmg
 13085 | IceCv    | Killed a quicksilver ooze
 13245 | IceCv    | Found a viscous altar of Jiyva.
 13245 | IceCv    | Noticed an azure jelly
 13263 | IceCv    | Killed an azure jelly
 13264 | IceCv    | Reached XP level 12. HP: 48/82 MP: 17/17
 13267 | IceCv    | Noticed an azure jelly
 13273 | IceCv    | Huge Dmg: 21 dmg
 13273 | IceCv    | Killed an azure jelly
 13463 | IceCv    | Got the ring "Fepyhac" {Ice rElec Will+ Stlth-}
 13837 | Lair:3   | Reached skill level 5 in Poison Magic
 13888 | Lair:3   | Noticed a boulder beetle
 13910 | Lair:3   | Killed a boulder beetle
 14038 | Lair:3   | Found a hole to the Spider Nest.
 14044 | Lair:3   | Huge Dmg: 26 dmg
 14045 | Lair:3   | Huge Dmg: 16 dmg
 14050 | Lair:3   | Huge Dmg: 18 dmg
 14285 | Lair:3   | Noticed a death yak
 14300 | Lair:3   | Killed a death yak
 14381 | Lair:3   | Noticed Sonja
 14395 | Lair:3   | Huge Dmg: 51 dmg
 14396 | Lair:3   | Killed Sonja
 14397 | Lair:3   | Huge Dmg: 22 dmg
 14397 | Lair:3   | HP: 1/98 [cloud of flame (33)]
 14397 | Lair:3   | Succumbed to miscasting Eringya's Noxious Bog's poison

Illustrated notes

Levels and vault maps discovered:
D:1:      amcnicky_arrival_double_pillar, layout_rooms
D:2:      layout_rooms, ebering_ecumenical_altar_sacrificial,
          kennysheep_small_spiral, dreamdust_princess_corridor,
          minmay_liquid_box, grunt_decor_arrowhead, uniq_crazy_yiuf_cottage
D:3:      layout_loops_ring
D:4:      minmay_evil_eye, layout_basic, kennysheep_mini,
          hangedman_decor_lopped, uniq_sigmund
D:5:      layout_basic, serial_aquarium, aquarium_bridge_long_separate
          [aquarium_subvault_bridge, aquarium_subvault_balcony,
          aquarium_subvault_bridge, aquarium_subvault_bridge,
          aquarium_subvault_wall, aquarium_subvault_wall], aquarium_window_1,
          aquarium_window_2, aquarium_window_fake, aquarium_window_1,
          aquarium_view_2b, aquarium_view_2f, kennysheep_decorative_pillar
D:6:      kennysheep_housing_project, layout_basic,
          minmay_temple_entry_stoned_glass, serial_shops, shop, shop,
          nicolae_shop_waterfront, nicolae_square_shop, uniq_menkaure
D:7:      layout_rooms, mainiacjoe_overflow_surrounded_room
D:8:      layout_loops_corners, regret_index_temple_of_mockery,
          due_lair_maze_entry_diamond, serial_shops, shop, nzn_life_drinkers,
          uniq_grum
D:9:      layout_basic, minitemple, orc_david_3
Temple:   chequers_temple_sunken
Lair:1:   layout_chaotic_city, grunt_megastairs_5
Lair:2:   layout_cave_pods, minmay_swamp_entry_worms, grunt_megastairs_3,
          infiniplex_staircase_pool_2
Lair:3:   layout_roguey, hellmonk_spider_entry_life_and_decay,
          gammafunk_ghost_hive, portal_ice_cave_rime, infiniplex_staircase_pool,
          lemuel_fruit_fields, uniq_sonja

Skill      XL: |  1  2  3  4  5  6  7  8  9 10 11 12 |
---------------+-------------------------------------+-----
Spellcasting   | 3 |  3.5
Transmutations | 3 4 5 7 8 |  8.8
Ice Magic      | 3 4 5 7 8 |  8.8
Fighting       | 2 5 7 8 |  8.0
Unarmed Combat | 4 7 10 | 10.0
Dodging        | 3 5 7 8 |  8.0
Poison Magic   | 8 |  8.0

Action                   |  1- 3 |  4- 6 |  7- 9 | 10-12 || total
-------------------------+-------+-------+-------+-------++-------
Melee: Unarmed           |    58 |   106 |   319 |   488 ||   971
       Constrict         |     9 |    17 |     3 |     4 ||    33
       Tentacles         |     8 |    12 |     3 |     6 ||    29
       Kick              |    10 |    14 |     1 |       ||    25
       Punch             |     2 |       |     1 |       ||     3
 Cast: Beastly Appendage |    12 |    22 |     1 |     2 ||    37
       Ice Form          |       |     3 |    34 |    52 ||    89
       Wereblood         |       |       |     1 |     3 ||     4
       Ignite Poison     |       |       |       |     1 ||     1
       Eringya's Noxious |       |       |       |     1 ||     1
 Abil: End Transformatio |       |       |       |     2 ||     2
  Use: Potion            |     1 |       |     4 |     2 ||     7
       Scroll            |       |       |    18 |     7 ||    25
 Stab: Sleeping          |     1 |     7 |       |     1 ||     9
       Distracted        |       |     1 |     1 |     4 ||     6
Armor: Skin              |     6 |    17 |   182 |   158 ||   363
Dodge: Dodged            |    31 |    44 |   192 |   274 ||   541

Table legend: (Time is in decaauts)
 A = Elapsed time spent in this place.
 B = Non-inter-level travel time spent in this place.
 C = Inter-level travel time spent in this place.
 D = Time resting spent in this place.
 E = Time spent auto-exploring this place.
 F = Levels seen in this place.
 G = Mean time per level.
                   A        B        C        D        E       F      G
               +--------+--------+--------+--------+--------+-----+--------+
         Total |  14294 |  13788 |    506 |    473 |  10530 |  14 | 1021.0 |
       Dungeon |  10451 |   9996 |    455 |    118 |   7777 |   9 | 1161.2 |
        Temple |    601 |    565 |     36 |      0 |    557 |   1 |  601.0 |
          Lair |   1811 |   1797 |     14 |    217 |   1275 |   3 |  603.7 |
      Ice Cave |   1429 |   1429 |      0 |    138 |    921 |   1 | 1429.0 |
               +--------+--------+--------+--------+--------+-----+--------+

Top non-repeatable levels by time:
     D:6: 2147 daAuts
     D:8: 1707 daAuts
     D:4: 1509 daAuts
   IceCv: 1429 daAuts
     D:9: 1235 daAuts
     D:2: 984 daAuts
     D:3: 816 daAuts
  Lair:1: 769 daAuts
     D:5: 757 daAuts
  Lair:3: 751 daAuts
     D:7: 705 daAuts
  Temple: 601 daAuts
     D:1: 586 daAuts
  Lair:2: 290 daAuts
